NYP
BATAVIA MUCKDOGS @ TRI-CITY DUST DEVILS
08/20/2047
 
TOP OF THE 1ST
Batavia Muckdogs batting - Pitching for Tri-City Dust Devils : RHP Tristan Vollmer
Pitching: RHP Tristan Vollmer
Batting: RHB Harrie de Kam 0-0: Ball
1-0: Ball
2-0: Ball
3-0: Base on Balls
Batting: SHB Justin Corbett 0-0: Ball
1-0: Swinging Strike
1-1: Swinging Strike
1-2: Ball
2-2: Strikes out swinging
Batting: RHB Miguel Velasco 0-0: Ball
1-0: Called Strike
1-1: Ball
2-1: Foul Ball, location: 2F
2-2: Ball
3-2: Foul Ball, location: 2F
3-2: Strikes out swinging
Harrie de Kam steals 2nd, throwing error, E2
Harrie de Kam to third
Batting: LHB Matt McKeon 0-0: Called Strike
0-1: Ground out U3 (Groundball, 3S, EV 86.9 MPH)
Top of the 1st over - 0 runs, 0 hits, 1 error, 1 left on base; Batavia 0 - Tri-City 0
BOTTOM OF THE 1ST
Tri-City Dust Devils batting - Pitching for Batavia Muckdogs : LHP Hideo Komatsu
Pitching: LHP Hideo Komatsu
Batting: RHB Adrian Cook 0-0: Ball
1-0: DOUBLE (Line Drive, 9LM, EV 91.9 MPH)
Batting: LHB Erik Beezley 0-0: Ball
1-0: Swinging Strike
1-1: Foul Ball, location: 2F
1-2: Foul Ball, location: 2F
1-2: Ball
Wild Pitch!
Adrian Cook to third
2-2: Strikes out looking
Batting: RHB Eric McMillian 0-0: Ball
1-0: Ball
2-0: Foul Ball, location: 2F
2-1: Called Strike
2-2: Strikes out swinging
Batting: RHB Mike MacLeod 0-0: Foul Ball, location: 2F
0-1: Foul Ball, location: 2F
0-2: Ball
1-2: Foul Ball, location: 2F
1-2: Strikes out looking
Bottom of the 1st over - 0 runs, 1 hit, 0 errors, 1 left on base; Batavia 0 - Tri-City 0
TOP OF THE 2ND
Batavia Muckdogs batting - Pitching for Tri-City Dust Devils : RHP Tristan Vollmer
Batting: RHB Reomel Somera 0-0: Called Strike
0-1: Ball
1-1: Foul Ball, location: 2F
1-2: Ball
2-2: Ball
3-2: Fly out, F3 (Line Drive, 3L, EV 68.1 MPH)
Batting: RHB Rafael Irizarry 0-0: Ball
1-0: Swinging Strike
1-1: Swinging Strike
1-2: Strikes out looking
Batting: RHB Hiromitsu Yamada 0-0: Foul Ball, location: 2F
0-1: Called Strike
0-2: Ball
1-2: Ball
2-2: Ball
3-2: SINGLE (Groundball, 6, EV 100.6 MPH)
Batting: RHB Eric Jordan 0-0: Swinging Strike
0-1: Foul Ball, location: 2F
0-2: Foul Ball, location: 2F
0-2: Hit by Pitch
Hiromitsu Yamada to second
Batting: RHB Jeremy Dennis 0-0: Called Strike
0-1: Ball
1-1: Ball
2-1: Swinging Strike
2-2: Ball
3-2: Strikes out swinging
Top of the 2nd over - 0 runs, 1 hit, 0 errors, 2 left on base; Batavia 0 - Tri-City 0
BOTTOM OF THE 2ND
Tri-City Dust Devils batting - Pitching for Batavia Muckdogs : LHP Hideo Komatsu
Batting: LHB Tony Contreras 0-0: Ball
1-0: Foul Ball, location: 2F
1-1: Ground out 4-3 (Groundball, 4S, EV 85.6 MPH)
Batting: RHB Max Stillo 0-0: Ball
1-0: Foul Ball, location: 2F
1-1: Foul Ball, location: 2F
1-2: Ball
2-2: Ball
3-2: Strikes out swinging
Batting: RHB Brian Klinkner 0-0: Ball
1-0: Ball
2-0: Ball
3-0: Called Strike
3-1: Base on Balls
Batting: LHB David McNair 0-0: Foul Ball, location: 2F
0-1: Called Strike
0-2: Ball
1-2: Strikes out looking
Bottom of the 2nd over - 0 runs, 0 hits, 0 errors, 1 left on base; Batavia 0 - Tri-City 0
TOP OF THE 3RD
Batavia Muckdogs batting - Pitching for Tri-City Dust Devils : RHP Tristan Vollmer
Batting: RHB Harrie de Kam 0-0: Ball
1-0: Ball
2-0: Ball
3-0: Called Strike
3-1: Swinging Strike
3-2: Base on Balls
Batting: SHB Justin Corbett 0-0: Called Strike
0-1: Ball
1-1: Swinging Strike
1-2: Ball
2-2: Foul Ball, location: 2F
2-2: Strikes out swinging
Batting: RHB Miguel Velasco 0-0: Ball
1-0: Called Strike
1-1: Called Strike
1-2: Strikes out swinging
Batting: LHB Matt McKeon 0-0: Foul Ball, location: 2F
0-1: Ball
Harrie de Kam is caught stealing 2nd base 2-6
Top of the 3rd over - 0 runs, 0 hits, 0 errors, 0 left on base; Batavia 0 - Tri-City 0
BOTTOM OF THE 3RD
Tri-City Dust Devils batting - Pitching for Batavia Muckdogs : LHP Hideo Komatsu
Batting: LHB Conor Barron 0-0: Called Strike
0-1: Foul Ball, location: 2F
0-2: Foul Ball, location: 2F
0-2: Strikes out swinging
Batting: RHB Adrian Cook 0-0: Called Strike
0-1: Swinging Strike
0-2: Strikes out swinging
Batting: LHB Erik Beezley 0-0: Ball
1-0: Ball
2-0: Ground out 6-3 (Groundball, 56, EV 85.0 MPH)
Bottom of the 3rd over - 0 runs, 0 hits, 0 errors, 0 left on base; Batavia 0 - Tri-City 0
TOP OF THE 4TH
Batavia Muckdogs batting - Pitching for Tri-City Dust Devils : RHP Tristan Vollmer
Batting: LHB Matt McKeon 0-0: Ball
1-0: Ball
2-0: Ball
3-0: Called Strike
3-1: Base on Balls
Batting: RHB Reomel Somera 0-0: Ball
1-0: Reached on error, E5 (Groundball, 56S, EV 86.2 MPH)
Matt McKeon to second
Batting: RHB Rafael Irizarry 0-0: Bunted foul
0-1: Bunted foul
0-2: Ball
1-2: Ball
2-2: Foul Ball, location: 2F
2-2: Strikes out looking
Batting: RHB Hiromitsu Yamada 0-0: Swinging Strike
0-1: Called Strike
Matt McKeon steals 3rd base
0-2: Ball
1-2: Ball
Wild Pitch!
Matt McKeon scores
Reomel Somera to second
2-2: Foul Ball, location: 2F
2-2: Ground out 5-3 (Groundball, 5S, EV 63.8 MPH)
Reomel Somera to third
Batting: RHB Eric Jordan 0-0: Ball
1-0: Swinging Strike
1-1: Ball
2-1: Ball
3-1: Swinging Strike
3-2: Strikes out swinging
Top of the 4th over - 1 run, 0 hits, 1 error, 1 left on base; Batavia 1 - Tri-City 0
BOTTOM OF THE 4TH
Tri-City Dust Devils batting - Pitching for Batavia Muckdogs : LHP Hideo Komatsu
Batting: RHB Eric McMillian 0-0: Called Strike
0-1: Foul Ball, location: 2F
0-2: Ball
1-2: Foul Ball, location: 2F
1-2: SINGLE (Line Drive, 6M, EV 103.1 MPH)
Batting: RHB Mike MacLeod 0-0: Ball
1-0: Called Strike
1-1: Foul Ball, location: 2F
1-2: Strikes out swinging
Batting: LHB Tony Contreras 0-0: Ball
1-0: Called Strike
1-1: Called Strike
1-2: Strikes out looking
Batting: RHB Max Stillo 0-0: Ball
1-0: Ball
2-0: Ball
3-0: Base on Balls
Eric McMillian to second
Batting: RHB Brian Klinkner 0-0: Ball
1-0: Ball
2-0: Called Strike
2-1: Ball
3-1: Base on Balls
Eric McMillian to third
Max Stillo to second
Batting: LHB David McNair 0-0: Called Strike
0-1: Ball
1-1: Ball
2-1: Foul Ball, location: 2F
2-2: Ball
3-2: DOUBLE (Flyball, 8RXD, EV 111.2 MPH)
Eric McMillian scores
Max Stillo scores
Brian Klinkner to third
Brian Klinkner scores
Batting: LHB Conor Barron 0-0: Ball
1-0: Ball
2-0: Ball
3-0: Called Strike
3-1: Called Strike
3-2: Foul Ball, location: 2F
3-2: Base on Balls
Batting: RHB Adrian Cook 0-0: Called Strike
0-1: Ball
1-1: Fielders Choice at 2nd, 6-4 (Groundball, 6, EV 89.4 MPH)
Bottom of the 4th over - 3 runs, 2 hits, 0 errors, 2 left on base; Batavia 1 - Tri-City 3
TOP OF THE 5TH
Batavia Muckdogs batting - Pitching for Tri-City Dust Devils : RHP Tristan Vollmer
Batting: RHB Jeremy Dennis 0-0: Called Strike
0-1: Ground out 6-3 (Groundball, P, EV 86.2 MPH)
Batting: RHB Harrie de Kam 0-0: Ball
1-0: Swinging Strike
1-1: Ball
2-1: Ball
3-1: SINGLE (Line Drive, 5D, EV 95.6 MPH)
Pitching: LHP Mike Stewart
Batting: SHB Justin Corbett 0-0: Called Strike
0-1: Fly out, F8 (Flyball, 78M, EV 84.4 MPH)
Batting: RHB Miguel Velasco 0-0: Called Strike
0-1: Called Strike
Harrie de Kam steals 2nd, throwing error, E2
Harrie de Kam to third
0-2: Ball
1-2: Fly out, F8 (Flyball, 89D, EV 102.5 MPH)
Top of the 5th over - 0 runs, 1 hit, 1 error, 1 left on base; Batavia 1 - Tri-City 3
BOTTOM OF THE 5TH
Tri-City Dust Devils batting - Pitching for Batavia Muckdogs : LHP Hideo Komatsu
Batting: LHB Erik Beezley 0-0: Swinging Strike
0-1: Called Strike
0-2: SINGLE (Groundball, 4MD, EV 107.5 MPH)
Batting: RHB Eric McMillian 0-0: Foul Ball, location: 2F
0-1: Fielders Choice at 2nd, 3-6 (Groundball, 3, EV 82.5 MPH)
Batting: RHB Mike MacLeod 0-0: Foul Ball, location: 2F
0-1: Swinging Strike
0-2: Strikes out looking
Batting: LHB Tony Contreras 0-0: Called Strike
0-1: Called Strike
0-2: Ground out 1-3 (Groundball, 13S, EV 73.8 MPH)
Bottom of the 5th over - 0 runs, 1 hit, 0 errors, 1 left on base; Batavia 1 - Tri-City 3
TOP OF THE 6TH
Batavia Muckdogs batting - Pitching for Tri-City Dust Devils : LHP Mike Stewart
Batting: LHB Matt McKeon 0-0: Ball
1-0: Ball
2-0: Swinging Strike
2-1: Ball
3-1: Base on Balls
Batting: RHB Reomel Somera 0-0: Ball
1-0: Ball
2-0: Ball
3-0: Called Strike
3-1: Called Strike
3-2: Base on Balls
Matt McKeon to second
Pinch Hitting: RHB Justin Dunham 0-0: Foul Ball, location: 2F
0-1: Called Strike
0-2: Strikes out swinging
Batting: RHB Hiromitsu Yamada 0-0: Ball
1-0: Ball
2-0: Fielders Choice at 2nd, 5-4 (Groundball, 56, EV 81.9 MPH)
Matt McKeon to third
Batting: RHB Eric Jordan 0-0: Swinging Strike
0-1: SINGLE (Groundball, 56D, EV 106.9 MPH)
Matt McKeon scores
Hiromitsu Yamada to second
Batting: RHB Jeremy Dennis 0-0: Ball
1-0: Ball
2-0: Ball
3-0: Called Strike
3-1: Base on Balls
Hiromitsu Yamada to third
Eric Jordan to second
Batting: RHB Harrie de Kam 0-0: Ball
1-0: Ball
2-0: Called Strike
2-1: Foul Ball, location: 2F
2-2: SINGLE (Flyball, 78S, EV 85.6 MPH)
Hiromitsu Yamada scores
Eric Jordan to third
Jeremy Dennis to second
Runner from 3rd tries for Home, throw by CF and OUT! 8-2
Top of the 6th over - 2 runs, 2 hits, 0 errors, 2 left on base; Batavia 3 - Tri-City 3
BOTTOM OF THE 6TH
Tri-City Dust Devils batting - Pitching for Batavia Muckdogs : LHP Hideo Komatsu
Pitching: RHP Mike Yorke
Now at 3B: Andy Kelly
Now at SS: Reomel Somera
Batting: RHB Max Stillo 0-0: SOLO HOME RUN (Flyball, 9LD, EV 93.1 MPH), Distance : 349 ft
Batting: RHB Brian Klinkner 0-0: Swinging Strike
0-1: SINGLE (Groundball, 56D, EV 96.9 MPH)
Batting: LHB David McNair 0-0: Swinging Strike
0-1: Swinging Strike
0-2: Foul Ball, location: 2F
0-2: Strikes out swinging
Batting: LHB Conor Barron 0-0: Ball
1-0: Called Strike
1-1: Called Strike
1-2: Foul Ball, location: 2F
1-2: Fielders Choice at 2nd, 3-6 (Groundball, 3, EV 78.1 MPH)
Batting: RHB Adrian Cook 0-0: Ball
1-0: Ball
2-0: Ball
3-0: Called Strike
3-1: Swinging Strike
3-2: Strikes out swinging
Bottom of the 6th over - 1 run, 2 hits, 0 errors, 1 left on base; Batavia 3 - Tri-City 4
TOP OF THE 7TH
Batavia Muckdogs batting - Pitching for Tri-City Dust Devils : LHP Mike Stewart
Pitching: LHP Danny Kessel
Batting: SHB Justin Corbett 0-0: Ball
1-0: Foul Ball, location: 2F
1-1: Ball
2-1: Ball
3-1: Called Strike
3-2: SINGLE (Groundball, 25, EV 65.6 MPH) (infield hit)
Batting: RHB Miguel Velasco 0-0: Ball
1-0: Ball
2-0: Called Strike
2-1: Swinging Strike
2-2: Foul Ball, location: 2F
2-2: Strikes out swinging
Batting: LHB Matt McKeon 0-0: Ball
1-0: Ball
2-0: Ball
3-0: Called Strike
3-1: Called Strike
3-2: Foul Ball, location: 2F
3-2: Foul Ball, location: 2F
3-2: Foul Ball, location: 2F
3-2: Ground out 4-3 (Groundball, 34, EV 108.1 MPH)
Justin Corbett to second
Batting: RHB Reomel Somera 0-0: Foul Ball, location: 2F
0-1: SINGLE (Groundball, 6D, EV 111.9 MPH)
Justin Corbett to third
Runner from 3rd tries for Home, throw by LF and OUT! 7-2
Top of the 7th over - 0 runs, 2 hits, 0 errors, 1 left on base; Batavia 3 - Tri-City 4
BOTTOM OF THE 7TH
Tri-City Dust Devils batting - Pitching for Batavia Muckdogs : RHP Mike Yorke
Batting: LHB Erik Beezley 0-0: Ball
1-0: Foul Ball, location: 2F
1-1: Ball
2-1: SINGLE (Groundball, 5D, EV 96.9 MPH)
Batting: RHB Eric McMillian 0-0: Ball
1-0: Ball
2-0: Called Strike
2-1: Ball
3-1: DOUBLE (Line Drive, 89D, EV 101.2 MPH)
Erik Beezley to third
Batting: RHB Mike MacLeod 0-0: Ball
1-0: Called Strike
1-1: Ball
2-1: Ball
3-1: Swinging Strike
3-2: Foul Ball, location: 2F
3-2: Strikes out swinging
Batting: LHB Tony Contreras 0-0: Ball
1-0: Ball
2-0: Called Strike
2-1: Foul Ball, location: 2F
2-2: Ball
3-2: Base on Balls
Pitching: RHP Jason Davis
Batting: RHB Max Stillo 0-0: Ball
1-0: SINGLE (Groundball, 6MD, EV 110.0 MPH)
Erik Beezley scores
Eric McMillian to third
Tony Contreras to second
Runner from 3rd tries for Home, SAFE, throw by CF to home
Batting: RHB Brian Klinkner 0-0: Called Strike
0-1: Fielders Choice at 2nd, 3-6 (Groundball, 34, EV 83.8 MPH)
Tony Contreras to third
Batting: LHB David McNair 0-0: Called Strike
0-1: Called Strike
0-2: Ball
1-2: Strikes out swinging
Bottom of the 7th over - 2 runs, 3 hits, 0 errors, 2 left on base; Batavia 3 - Tri-City 6
TOP OF THE 8TH
Batavia Muckdogs batting - Pitching for Tri-City Dust Devils : LHP Danny Kessel
Batting: RHB Andy Kelly 0-0: Ball
1-0: Called Strike
1-1: Swinging Strike
1-2: Strikes out swinging
Batting: RHB Hiromitsu Yamada 0-0: Ball
1-0: Ball
2-0: Ball
3-0: Called Strike
3-1: Called Strike
3-2: Foul Ball, location: 2F
3-2: Ground out 5-3 (Groundball, 56, EV 86.9 MPH)
Batting: RHB Eric Jordan 0-0: Ball
1-0: Called Strike
1-1: Foul Ball, location: 2F
1-2: Strikes out looking
Top of the 8th over - 0 runs, 0 hits, 0 errors, 0 left on base; Batavia 3 - Tri-City 6
BOTTOM OF THE 8TH
Tri-City Dust Devils batting - Pitching for Batavia Muckdogs : RHP Jason Davis
Batting: LHB Conor Barron 0-0: Called Strike
0-1: Called Strike
0-2: Strikes out swinging passed ball, reaches first!
Batting: RHB Adrian Cook 0-0: Ball
Balk!
Conor Barron to second
1-0: Ground out 6-3 (Groundball, 6, EV 104.4 MPH)
Batting: LHB Erik Beezley 0-0: Ball
1-0: Foul Ball, location: 2F
1-1: Ball
2-1: Ground out 4-3 (Groundball, 4M, EV 90.0 MPH)
Conor Barron to third
Batting: RHB Eric McMillian 0-0: Ball
1-0: Ball
2-0: Ground out 5-3 (Groundball, 5L, EV 85.0 MPH)
Bottom of the 8th over - 0 runs, 0 hits, 0 errors, 1 left on base; Batavia 3 - Tri-City 6
TOP OF THE 9TH
Batavia Muckdogs batting - Pitching for Tri-City Dust Devils : LHP Danny Kessel
Pitching: RHP Wayne Kerrick
Batting: RHB Jeremy Dennis 0-0: Swinging Strike
0-1: Foul Ball, location: 2F
0-2: Ball
1-2: Foul Ball, location: 2F
1-2: Strikes out swinging
Batting: RHB Harrie de Kam 0-0: Ball
1-0: Foul Ball, location: 2F
1-1: Ball
2-1: Swinging Strike
2-2: Ground out 5-3 (Groundball, 56S, EV 81.9 MPH)
Batting: SHB Justin Corbett 0-0: Ball
1-0: Foul Ball, location: 2F
1-1: Ball
2-1: Called Strike
2-2: Strikes out swinging
Top of the 9th over - 0 runs, 0 hits, 0 errors, 0 left on base; Batavia 3 - Tri-City 6
Thursday, December 15th , 2022 - OOTP Baseball 23.9 Build 102